AoeStats
← aggl1005

Marketplace

504977800Analyzed
1v1 RM · 26d ago on Sep 7, 2026· 58m 52s· 2 players
Game mode
Random Map
Map size
Tiny (2 player)
Population
200
Speed
Normal
Resources
Standard
Victory
Conquest
Starting age
Dark Age
Ending age
Imperial Age
RankedLock teamsTeams togetherTeam positionsShared explorationLock speedFull tech treeHidden civsTurbo modeCheats
Victory
Defeat
🇦🇺 Jurchens · Australia
531
+13
🇺🇿 Bohemians · Uzbekistan
465
-13
heeechkiiim
11:57 Feudal Age
12:21 Horse Collar
12:29 Double-Bit Axe
25:15 Castle Age
26:23 Fletching
26:45 Crossbowman
28:50 Bow Saw
28:52 Heavy Plow
30:36 Pikeman
31:18 Squires
38:46 Imperial Age
36:45 Arson
48:55 Halberdier
aggl1005
1:14 Loom
11:30 Feudal Age
15:08 Double-Bit Axe
15:07 Horse Collar
19:27 Wheelbarrow
18:39 Town Watch
18:47 Gold Mining
18:52 Stone Mining
25:39 Castle Age
26:20 Fletching
30:31 Forging
36:03 Bow Saw
36:26 Bloodlines
37:26 Gold Shaft Mining
38:22 Bodkin Arrow
43:51 Scale Barding Armor
45:25 Herbal Medicine
50:26 Masonry
57:06 Iron Casting
57:05 Chain Barding Armor
Connection lost

Rejoining the realm…

Still unreachable

The connection could not be restored.

Session expired

The server has moved on; the page needs a fresh start.